 Dungeon Crawl Stone Soup version 0.13.0-25-g43d4df3 (webtiles) character file.

54299 Malachi the Severer (level 14, -1/168 HPs)
             Began as a Deep Dwarf Berserker on Oct 29, 2013.
             Was the Champion of Trog.
             Slain by a death yak (11 damage)
             ... on Level 8 of the Lair of Beasts.
             The game lasted 00:54:02 (16820 turns).

Malachi the Severer (Deep Dwarf Berserker)         Turns: 16820, Time: 00:54:03

HP  -1/168       AC 24     Str 31      XL: 14   Next: 29%
MP  27/27        EV  7     Int  8      God: Trog [******]
Gold 1183        SH  0     Dex 12      Spells:  0 memorised, 13 levels left

Res.Fire  : + . .   See Invis. : .   W - +0,+3 battleaxe (flame)
Res.Cold  : . . .   Warding    : .   i - +1 plate armour {rF+}
Life Prot.: + . .   Conserve   : .   (no shield)
Res.Poison: .       Res.Corr.  : .   y - +0 helmet
Res.Elec. : .       Clarity    : .   H - +1 cloak
Sust.Abil.: . .     Spirit.Shd : .   O - +0 pair of gauntlets
Res.Mut.  : .       Stasis     : .   B - +0 pair of boots
Res.Rott. : .       Flight     : .   g - amulet of faith
Saprovore : . . .                    X - ring of flight
                                     P - ring of teleport control

@: non-regenerating, berserking (expiring), very quick, quite resistant to
hostile enchantments, extremely unstealthy
A: damage resistance, recharge devices, life protection 1, sense surroundings 2,
slow healing 3
a: Device Recharging, Burn Spellbooks, Berserk, Trog's Hand, Brothers in Arms,
Renounce Religion, Evoke Flight, Evoke Teleport Control


You were on level 8 of the Lair of Beasts.
You worshipped Trog.
Trog was exalted by your worship.
You were not hungry.

You visited 3 branches of the dungeon, and saw 22 of its levels.

You collected 1271 gold pieces.
You spent 108 gold pieces at shops.

Inventory:

Hand weapons
 A - a +0 blowgun
 D - a +1,+1 anti-magic battleaxe
 T - the +6,+12 battleaxe of Koymuhoass {freeze, +Blink rF+ rC++ rN+ MR++}
   (Trog gifted it to you on level 9 of the Dungeon)

   It has been specially enchanted to freeze those struck by it, causing extra
   injury to most foes and up to double damage against particularly susceptible
   opponents.
   It can also slow down cold-blooded creatures.
   It protects you from fire.
   It greatly protects you from cold.
   It protects you from negative energy.
   It affects your resistance to hostile enchantments.
   It lets you blink.
 W - a +0,+3 battleaxe of flaming (weapon)
Missiles
 e - 8 needles of confusion
Armour
 i - a +1 plate armour of fire resistance (worn)
 y - a +0 helmet (worn)
 B - a +0 pair of boots (worn)
 H - a +1 cloak (worn)
 O - a +0 pair of gauntlets (worn)
Magical devices
 c - a wand of heal wounds (4)
 n - a wand of slowing (10)
 p - a wand of lightning (9)
 w - a wand of enslavement (5)
 L - a wand of fireball (4)
 R - a wand of heal wounds (1)
Comestibles
 d - 11 bread rations
 t - 6 cheeses
 v - a royal jelly
 z - 6 meat rations
 N - an apple
 Q - 2 chunks of wolf flesh
 V - 14 strawberries
 Z - 2 grapes
Scrolls
 k - a scroll of fog
 m - 7 scrolls of teleportation
 o - 3 scrolls of fear
 s - a scroll of blinking
 u - 2 scrolls of enchant armour
 E - 3 scrolls of magic mapping
 F - 13 scrolls of remove curse
 G - 2 scrolls of recharging
 S - a scroll of enchant weapon I
 U - a scroll of enchant weapon II
Jewellery
 b - an uncursed ring of protection from fire
 g - an amulet of faith (around neck)
 r - an uncursed ring of teleportation
 I - an uncursed ring of fire
 P - a ring of teleport control (left hand)
 X - a ring of flight (right hand)
Potions
 a - 2 potions of speed
 f - 3 potions of flight
 h - 5 potions of brilliance
 l - a potion of agility
 q - 3 potions of restore abilities
 x - a potion of resistance
 C - a potion of might {unknown}
 J - 2 potions of cure mutation
 K - a potion of beneficial mutation {unknown}
 M - 10 potions of curing
 Y - 5 potions of heal wounds
Miscellaneous
 j - a sack of spiders


   Skills:
 - Level 2.6 Fighting
 - Level 20.9 Axes
 * Level 12.7 Armour
 - Level 5.0 Dodging
 + Level 10.0 Evocations


You had 13 spell levels left.
You didn't know any spells.

Dungeon Overview and Level Annotations

Branches:
Dungeon (13/27)            Temple (1/1) D:6             Orc (0/4) D:9
   Lair (8/8) D:13         Shoals (0/5) Lair:6       Spider (0/5) Lair:3
  Slime (0/6) Lair:6

Altars:
Elyvilon
Fedhas
Okawaru
Xom
Beogh

Shops:
D:8 ?   D:12 %*   D:13 [


Innate Abilities, Weirdness & Mutations

You are resistant to damage.
You can recharge devices by infusing magical energy.
You resist negative energy.
You passively map the area around you.
You do not heal naturally.


Message History

Unknown command.
You slice the death yak like a ripe choko!!!
You burn the death yak!
You kill the death yak!
Trog accepts your kill.
You slice the death yak!! You burn the death yak!
The death yak is severely wounded.
The death yak gores you but does no damage.
You hit the death yak. You burn the death yak.
The death yak is severely wounded.
You barely miss the death yak.
Unknown command.
You slash the death yak! You burn the death yak.
The death yak is almost dead.
You slice the death yak!! You burn the death yak.
The death yak is moderately wounded.
The death yak gores you!
* * * LOW HITPOINT WARNING * * *
The death yak gores you!
You die...

≈ ≈ * ..♣≈≈≈≈..f.##P..#... ,
*, , ..≈........##P..... ,
,,,#≈(≈.#.....##..##.. * , *
... .≈...#.....###..... ≈
..l$* ####...###.#...... ≈≈
≈P.P., ....####.#.....
≈≈P..Y#* *#.....#..#.....
≈≈≈≈....Y# #####...#.........
≈ P.≈...YY##@#.#...........PP
♣≈≈...P.#.#YYY......f.....PP
≈
*≈≈P..P....l.................
P...PP.....................f
,,
.....P................)..#. ,
P......#............#......
,,,
,..#..#..###................
, * f.#.###
#................. , ,, P.
,,##................


You could see 3 death yaks and a basilisk.

Vanquished Creatures
  Gastronok (D:8)
  2 hydras
  Josephine (D:11)
  Erica (Lair:5)
  9 death yaks
  A catoblepas (Lair:6)
  An unseen horror (D:13)
  Pikel (D:8)
  Joseph (D:9)
  A hill giant (D:10)
  2 cyclopes (D:12)
  4 oklob plants (D:13)
  A spectral griffon (D:11)
  5 black mambas
  Maurice (D:9)
  9 spiny frogs
  A queen ant (Lair:5)
  An item mimic (D:10)
  A mermaid (Lair:6)
  2 fire drakes (Lair:4)
  4 komodo dragons
  A troll (D:11)
  2 polar bears
  16 slime creatures
  A hydra skeleton (D:13)
  A raven (Lair:5)
  A boulder beetle (Lair:7)
  A shadow (D:11)
  A grizzly bear (Lair:6)
  4 basilisks
  10 blink frogs
  6 ugly things (D:13)
  2 wyverns
  A hill giant zombie (D:9)
  3 elephant slugs
  37 yaks
  Grum (D:8)
  3 hippogriffs
  A hungry ghost (D:9)
  2 manticores (D:13)
  2 hill giant skeletons (D:11)
  11 soldier ants (Lair:5)
  7 swamp worms (Lair:3)
  5 orc warriors
  5 ice beasts
  9 wolves
  6 phantoms
  11 porcupines
  A yellow wasp (D:8)
  4 sky beasts
  A black bear (shapeshifter) (D:13)
  9 ogres
  4 slaves (D:8)
  8 crocodiles
  2 boring beetles (Lair:6)
  7 giant slugs
  15 giant frogs
  7 big kobolds
  13 centaurs
  8 agate snails
  2 cyclops zombies
  A manticore zombie (D:11)
  7 water moccasins
  A cyclops skeleton (D:9)
  9 killer bees
  An eye of draining (D:12)
  5 wights (D:12)
  2 yak skeletons
  3 electric eels (Lair:3)
  2 troll skeletons (D:11)
  2 centaur zombies
  6 crimson imps
  A quasit (D:6)
  5 big fish (Lair:3)
  2 giant frog zombies
  Crazy Yiuf (D:3)
  A two-headed ogre skeleton (D:8)
  12 orc priests
  8 scorpions
  10 iguanas
  A jelly (D:9)
  41 worker ants
  11 hounds
  3 orc wizards
  9 sheep
  A sky beast zombie (D:11)
  Ijyb (D:4)
  2 big kobold skeletons
  A hound zombie (D:11)
  13 adders
  3 giant centipedes
  29 green rats
  2 giant mites
  An inept feature mimic (D:4)
  11 worms
  An adder zombie (D:6)
  A giant centipede zombie (D:10)
  A scorpion zombie (D:6)
  4 giant eyeballs
  6 giant geckos
  2 oozes
  42 orcs
  2 ball pythons
  2 bat zombies
  8 giant cockroaches
  11 hobgoblins
  14 quokkas
  A ball python zombie (D:6)
  16 bats
  6 giant newts
  12 goblins
  16 jackals
  33 kobolds
  An orc skeleton (D:7)
  A quokka zombie (D:10)
  19 rats
  3 butterflies
  17 fungi
  14 plants
722 creatures vanquished.

Vanquished Creatures (others)
  A worker ant (Lair:5)
  A kobold (D:12)
  A fungus (Lair:7)
3 creatures vanquished.

Grand Total: 725 creatures vanquished

Notes
Turn   | Place    | Note
--------------------------------------------------------------
     0 | D:1      | Malachi, the Deep Dwarf Berserker, began the quest for the Orb.
     0 | D:1      | Reached XP level 1. HP: 21/21 MP: 0/0
   148 | D:1      | Reached XP level 2. HP: 26/28 MP: 1/1
   184 | D:1      | Reached skill level 4 in Axes
   280 | D:1      | Acquired Trog's second power
   559 | D:2      | Found a blossoming altar of Fedhas.
   629 | D:2      | Reached XP level 3. HP: 18/34 MP: 2/2
   747 | D:2      | Reached skill level 5 in Axes
  1089 | D:2      | Reached XP level 4. HP: 37/43 MP: 3/3
  1598 | D:3      | Reached skill level 6 in Axes
  1603 | D:3      | Acquired Trog's third power
  1744 | D:3      | Reached XP level 5. HP: 35/49 MP: 4/4
  1766 | D:3      | Reached skill level 7 in Axes
  1922 | D:3      | Noticed Crazy Yiuf
  1929 | D:3      | Killed Crazy Yiuf
  2049 | D:3      | Reached XP level 6. HP: 54/56 MP: 5/5
  2284 | D:4      | Reached skill level 8 in Axes
  2291 | D:4      | Noticed Ijyb
  2318 | D:4      | Killed Ijyb
  2453 | D:4      | Got a citrine-encrusted ring mail
  2639 | D:4      | Found a white marble altar of Elyvilon.
  2944 | D:4      | Identified the +10 ring mail of the Furies {+Inv rN+ Acc-1} (You found it on level 4 of the Dungeon)
  3015 | D:5      | Entered Level 5 of the Dungeon
  3022 | D:4      | Reached skill level 9 in Axes
  3022 | D:4      | Reached XP level 7. HP: 62/63 MP: 6/6
  3138 | D:5      | Reached skill level 10 in Axes
  3678 | D:6      | Reached XP level 8. HP: 63/70 MP: 7/7
  3700 | D:6      | Found a staircase to the Ecumenical Temple.
  3726 | D:6      | Reached skill level 11 in Axes
  3827 | Temple   | Entered the Ecumenical Temple
  3959 | D:6      | Paralysed by a giant eyeball for 4 turns
  4182 | D:6      | Reached skill level 12 in Axes
  4310 | D:6      | Got a colourful robe
  4311 | D:6      | Identified the cursed -3 robe of Wuojear {Dex+4 Int-2} (You found it on level 6 of the Dungeon)
  4517 | D:7      | Paralysed by a giant eyeball for 4 turns
  4886 | D:7      | Found an iron altar of Okawaru.
  4888 | D:7      | Found a white marble altar of Elyvilon.
  4889 | D:7      | Found a shimmering altar of Xom.
  4961 | D:8      | Noticed Gastronok
  4975 | D:8      | Killed Gastronok
  4975 | D:8      | Reached skill level 14 in Axes
  4975 | D:8      | Gained mutation: You passively map the area around you. [level up]
  4975 | D:8      | Reached XP level 9. HP: 73/76 MP: 8/8
  5238 | D:8      | Received a gift from Trog
  5240 | D:8      | Reached skill level 15 in Axes
  5242 | D:8      | Reached XP level 10. HP: 85/85 MP: 9/9
  5243 | D:8      | Noticed Grum
  5258 | D:8      | Killed Grum
  5309 | D:8      | Found Ciqyv's Magic Scroll Shop.
  5397 | D:8      | Bought a scroll of identify for 28 gold pieces
  5397 | D:8      | Bought a scroll of identify for 28 gold pieces
  5458 | D:8      | Noticed Pikel
  5473 | D:8      | Killed Pikel
  5577 | D:9      | Reached skill level 16 in Axes
  5632 | D:9      | Found a staircase to the Orcish Mines.
  5668 | D:9      | Found a roughly hewn altar of Beogh.
  5796 | D:9      | Noticed Maurice
  5844 | D:9      | Killed Maurice
  5877 | D:9      | Received a gift from Trog
  5891 | D:9      | Got an ancient battleaxe {god gift}
  5898 | D:9      | Identified the battleaxe of Koymuhoass {god gift, freeze, +Blink rF+ rC++ rN+ MR++} (Trog gifted it to you on level 9 of the Dungeon)
  6079 | D:9      | Noticed Joseph
  6084 | D:9      | Killed Joseph
  6084 | D:9      | Reached skill level 17 in Axes
  6084 | D:9      | Reached skill level 1 in Evocations
  6208 | D:10     | Entered Level 10 of the Dungeon
  6292 | D:10     | Reached XP level 11. HP: 58/91 MP: 13/13
  6380 | D:10     | Noticed a hill giant
  6388 | D:10     | Killed a hill giant
  6489 | D:10     | Got a jewelled sabre
  6618 | D:10     | Identified the sabre of the Valley of Death {slice, Int+1} (You found it on level 10 of the Dungeon)
  6837 | D:11     | Noticed Josephine
  6845 | D:11     | Killed Josephine
  6852 | D:11     | Reached skill level 18 in Axes
  6998 | D:11     | Received a gift from Trog
  7587 | D:12     | Found Nesm's General Store.
  7683 | D:12     | Noticed a three-headed hydra
  7688 | D:12     | Killed a five-headed hydra
  7688 | D:12     | Reached skill level 19 in Axes
  7833 | D:12     | Reached XP level 12. HP: 73/98 MP: 19/19
  7887 | D:12     | Reached skill level 5 in Evocations
  7974 | D:12     | Found Bru Luto's Food Boutique.
  8461 | D:13     | Received a gift from Trog
  8465 | D:13     | Found a staircase to the Lair.
  8568 | D:13     | Reached skill level 20 in Axes
  8577 | Lair:1   | Entered Level 1 of the Lair of Beasts
  8830 | D:13     | Found Kotax's Antique Armour Shop.
  8882 | D:13     | Bought a pair of boots for 52 gold pieces
 11174 | Lair:2   | Received a gift from Trog
 11262 | Lair:2   | Reached XP level 13. HP: 105/105 MP: 23/23
 11768 | Lair:3   | Found a hole to the Spider Nest.
 12604 | Lair:3   | Received a gift from Trog
 12605 | Lair:3   | Reached skill level 5 in Armour
 13192 | Lair:4   | Reached skill level 5 in Dodging
 14174 | Lair:5   | Received a gift from Trog
 14285 | Lair:5   | Noticed Erica
 14295 | Lair:5   | Killed Erica
 14736 | Lair:6   | Found a staircase to the Slime Pits.
 14948 | Lair:6   | Reached skill level 10 in Armour
 15143 | Lair:6   | Received a gift from Trog
 15243 | Lair:6   | Found a staircase to the Shoals.
 15858 | Lair:7   | Reached skill level 10 in Evocations
 15859 | Lair:7   | Gained mutation: You resist negative energy. [level up]
 15859 | Lair:7   | Reached XP level 14. HP: 112/112 MP: 27/27
 16592 | Lair:8   | Entered Level 8 of the Lair of Beasts
 16664 | Lair:8   | Received a gift from Trog
 16820 | Lair:8   | Slain by a death yak

Action                   |  1- 3 |  4- 6 |  7- 9 | 10-12 | 13-15 || total
-------------------------+-------+-------+-------+-------+-------++-------
Melee: Hand axe          |    90 |    46 |       |     6 |       ||   142
       Broad axe         |       |   127 |   307 |   150 |       ||   584
       Battleaxe         |       |       |       |   469 |   591 ||  1060
Invok: Trog's Hand       |     1 |     2 |     5 |    27 |    12 ||    47
       Berserk           |     1 |     5 |     6 |    19 |     6 ||    37
Evoke: Wand              |       |     1 |       |     7 |     1 ||     9
  Use: Scroll            |     4 |    13 |     1 |    19 |     3 ||    40
       Potion            |       |       |       |     4 |     1 ||     5
 Stab: Sleeping          |     1 |       |       |       |       ||     1
